 Dungeon Crawl Stone Soup version 0.20-a0-1062-g7b787ac (webtiles) character file.

54151 Ijustatesigmund the Fighter (level 14, -32/130 HPs)
             Began as a Barachi Fighter on Apr 27, 2017.
             Was a High Priest of Cheibriados.
             Annihilated by an ettin
             ... wielding a +0 dire flail
              (45 damage)
             ... on level 2 of the Orcish Mines.
             The game lasted 01:18:54 (20654 turns).

Ijustatesigmund the Fighter (Barachi Fighter)      Turns: 20654, Time: 01:18:54

Health: -32/130    AC: 15    Str: 29    XL:     14   Next: 71%
Magic:  22/22      EV: 17    Int: 26    God:    Cheibriados [*****.]
Gold:   1576       SH:  0    Dex: 24    Spells: 28/28 levels left

rFire    + . .     SeeInvis .   a - +3 long sword
rCold    . . .     Gourm    .   c - +0 shield
rNeg     . . .     Faith    .   D - +4 ring mail
rPois    +         Spirit   .   (helmet restricted)
rElec    .         Reflect  .   p - +0 cloak
rCorr    .         Harm     .   (no gloves)
MR       +....                  u - +1 pair of boots
Stlth    ..........             N - amulet of regeneration
Regen    0.8/turn               O - ring of poison resistance
MPRegen  0.2/turn               H - ring of protection from fire

@: confused, can't hop, very slightly contaminated, very slow
A: +LOS, swims, beak, blurry vision 1, low mp 1, robust 1, slowness 1, strong
legs 2
a: Hop, Bend Time, Temporal Distortion, Slouch, Step From Time, Renounce
Religion


You were on level 2 of the Orcish Mines.
You worshipped Cheibriados.
Cheibriados was extremely pleased with you.
You were not hungry.

You visited 4 branches of the dungeon, and saw 20 of its levels.
You also visited: Ossuary.

You collected 1681 gold pieces.
You spent 105 gold pieces at shops.

Inventory:

Hand Weapons
 a - a +3 long sword (weapon)
Missiles
 g - 13 javelins (quivered)
Armour
 b - a +0 scale mail
 c - a +0 shield (worn)
 l - a +0 crystal plate armour
 p - a +0 cloak (worn)
 u - a +1 pair of boots (worn)
 D - a +4 ring mail (worn)
 U - a scarf of cold resistance
Jewellery
 h - an uncursed ring of positive energy
 w - an uncursed ring of positive energy
 E - an uncursed amulet of magic regeneration
 H - a ring of protection from fire (right hand)
 L - an uncursed ring of resist corrosion
 N - an amulet of regeneration (around neck)
 O - a ring of poison resistance (left hand)
Wands
 d - a wand of disintegration (3/24)
 q - a wand of confusion (25/48)
 y - a wand of disintegration (6/24)
 z - a wand of lightning (5/15)
 T - a wand of acid (12/15)
Scrolls
 j - 19 scrolls of remove curse
 m - 2 scrolls of amnesia
 o - a scroll of immolation
 t - 2 scrolls of identify
 F - 4 scrolls of recharging
 R - 2 scrolls of enchant armour
Potions
 i - a potion of cancellation
 n - 2 potions of brilliance
 r - 3 potions of magic
 v - 3 potions of flight
 A - 2 potions of lignification
 C - 4 potions of curing
 Q - a potion of might
Comestibles
 f - 12 bread rations
 k - 5 fruits
 s - 5 meat rations
 x - a chunk of flesh
 B - 7 royal jellies


   Skills:
 - Level 13.9 Fighting
 - Level 13.8 Long Blades
 + Level 6.4 Throwing
 - Level 10.3 Armour
 - Level 8.0 Dodging
 - Level 8.0 Shields
 - Level 3.1 Unarmed Combat
 + Level 7.5 Spellcasting
 - Level 10.1 Invocations


You had 28 spell levels left.
You didn't know any spells.

Dungeon Overview and Level Annotations

Branches:
Dungeon (14/15)            Temple (1/1) D:6            Lair (3/6) D:8
 Spider (0/4) Lair:2          Orc (2/2) D:10            Elf (0/3) Orc:2
 Vaults (0/5) D:13
  Swamp: Lair:2-4    Shoals: Lair:2-4

Altars:
Ashenzari
Cheibriados
Dithmenos
Elyvilon
Fedhas
Gozag
Hepliaklqana
Kikubaaqudgha
Makhleb
Nemelex Xobeh
Okawaru
Qazlal
Ru
Sif Muna
Trog
Uskayaw
Vehumet
Wu Jian
Xom
Yredelemnul
Zin
The Shining One
Beogh

Shops:
D:6 (   D:9 *   D:14 (   Orc:2 ([*:

Portals:
Trove: D:10 (give 4 potions of resistance)

Annotations:
D:8 exclusion: oklob plant
D:12 Gastronok
D:13 Rupert


Innate Abilities, Weirdness & Mutations

Shadows flee at your approach. (+LOS)
You can swim through water.
You cover ground slowly.
You can hop longer distances.
You have a beak for a mouth.
Scrolls take you a little longer to read.
Your magical capacity is low. (-10% MP)
You are robust. (+10% HP)


Message History

Found a roughly hewn altar of Beogh.
Okay, then.
Okay, then.
The orc shouts!
Okay, then.
You feel better. You block the ettin's attack. The ettin closely misses you.
You are confused.
You feel invigorated. The ettin closely misses you.
The ettin completely misses you. The ettin completely misses you.
The ettin barely misses you. The orc closely misses you.
The ettin barely misses you. The ettin hits you with a dire flail!!!
* * * LOW HITPOINT WARNING * * *
The orc closely misses you.
You hear a shout!
You slice the orc!!
You kill the orc!
Cheibriados appreciates the change of pace.
The ettin barely misses you. The ettin hits you with a dire flail!!!
You die...

#......#......... .
###..........#.... ..
##.................. ...
#....#............... ...
##..##................ ...
#....##............... ..
##..$.###.............. ..
#.......#.C............ .
##.(..((..)@.#.....o... ####
##.(.(#.#.............. #∩.#
#....#####..(....$..... #...
##..## #.............. ##..
######.#######.............
##.
##.##.....#.######.#.........
## #..........#.##
###.........####
##.#..........# ..###......8.
##............ ..# .......


You could see an ettin.

Vanquished Creatures
  2 orc warlords
  An ettin (Orc:2)
  A hydra (Lair:3)
  3 centaur warriors
  2 two-headed ogres
  The ghost of PeterLawrence the Basher, a journeyman GrFi of Okawaru (D:8)
  2 orc high priests (Orc:2)
  2 tengu warriors (D:13)
  Urug (D:13)
  6 death yaks
  An unseen horror (D:12)
  4 orc knights (Orc:2)
  2 ugly things (D:11)
  2 orc sorcerers (Orc:2)
  2 cyclopes
  A manticore (D:13)
  A black mamba (Lair:2)
  2 centaur skeletons
  2 gargoyles
  7 spiny frogs
  2 komodo dragons
  A rime drake (Lair:3)
  A merfolk (D:10)
  A polar bear (Lair:2)
  2 trolls
  A hornet (D:12)
  A jumping spider (Lair:2)
  Grinder (D:3)
  10 blink frogs (Lair:3)
  7 hippogriffs
  A shadow (D:11)
  10 yaks
  A wraith (D:11)
  A wyvern (D:14)
  12 humans
  Eustachio (D:5)
  4 basilisks
  4 hungry ghosts
  Menkaure (D:5)
  6 wargs
  2 soldier ants
  Duvessa (D:5)
  5 porcupines
  4 water moccasins
  An ice beast (D:10)
  33 orc warriors
  6 sky beasts
  A necrophage (D:5)
  A black bear (D:7)
  The ghost of feelmyfire the Insei, an amateur DgTm (D:4)
  15 ogres
  5 centaurs
  9 crocodiles
  An elf zombie (Ossuary)
  2 gnoll sergeants
  12 bullfrogs
  3 scorpions
  Dowan (D:5)
  9 wights
  5 crimson imps
  2 bullfrog zombies
  7 hounds
  2 quasits
  5 jellies
  11 orc priests
  Crazy Yiuf (D:3)
  2 bullfrog skeletons
  30 orc wizards
  A gnoll shaman (D:10)
  3 iguanas
  An iron imp (D:8)
  Ijyb (D:3)
  4 worker ants
  A killer bee zombie (D:10)
  A big kobold zombie (Ossuary)
  3 mummies (Ossuary)
  A hound skeleton (D:9)
  A hound zombie (D:11)
  2 worker ant zombies (D:11)
  15 gnolls
  17 adders
  2 shadow imps
  An ooze (D:2)
  An adder skeleton (D:6)
  2 adder zombies (Ossuary)
  2 worms
  4 dart slugs
  7 leopard geckos
  77 orcs
  A ball python (D:1)
  7 giant cockroaches
  15 goblins
  7 hobgoblins
  12 jackals
  7 quokkas
  12 bats
  7 frilled lizards
  A gnoll zombie (Ossuary)
  2 goblin zombies (Ossuary)
  2 hobgoblin zombies (Ossuary)
  7 kobolds
  3 kobold zombies (Ossuary)
  A leopard gecko skeleton (D:5)
  3 quokka zombies (Ossuary)
  11 rats
  3 rat zombies (Ossuary)
  3 fungi (D:8)
  3 plants (D:8)
544 creatures vanquished.

Vanquished Creatures (collateral kills)
  A hydra (Lair:3)
  An ugly thing (D:13)
  A centaur skeleton (D:13)
  2 humans (D:13)
  A worker ant (D:13)
6 creatures vanquished.

Vanquished Creatures (others)
  An orc wizard (D:3)
  2 fungi
  A plant (Lair:2)
  4 toadstools (D:1)
8 creatures vanquished.

Grand Total: 558 creatures vanquished

Notes
Turn   | Place    | Note
-------+----------+-------------------------------------------
     0 | D:1      | Ijustatesigmund the Barachi Fighter began the quest for the Orb.
     0 | D:1      | Reached XP level 1. HP: 18/18 MP: 1/1
   217 | D:1      | Reached skill level 1 in Dodging
   217 | D:1      | Reached XP level 2. HP: 20/25 MP: 2/2
   598 | D:1      | Reached XP level 3. HP: 30/30 MP: 3/3
   757 | D:1      | You fall through a shaft!
  1458 | D:2      | Reached XP level 4. HP: 14/37 MP: 4/4
  1772 | D:2      | Found a sacrificial altar of Ru.
  2228 | D:2      | Found a sparkling altar of Nemelex Xobeh.
  2390 | D:3      | Noticed Grinder
  2398 | D:3      | Paralysed by Grinder for 7 turns
  2407 | D:3      | Paralysed by Grinder for 2 turns
  2415 | D:3      | Killed Grinder
  2415 | D:3      | Reached skill level 5 in Fighting
  2415 | D:3      | Reached skill level 5 in Long Blades
  2415 | D:3      | Reached skill level 5 in Armour
  2415 | D:3      | Reached XP level 5. HP: 34/44 MP: 5/5
  2415 | D:3      | Reached XP level 6. HP: 40/51 MP: 6/6
  3056 | D:3      | Noticed Ijyb
  3077 | D:3      | Killed Ijyb
  3361 | D:3      | Found a runed door.
  3365 | D:3      | Noticed Crazy Yiuf
  3369 | D:3      | Killed Crazy Yiuf
  3369 | D:3      | Reached XP level 7. HP: 56/56 MP: 7/7
  3992 | D:4      | Noticed feelmyfire's ghost (amateur DgTm)
  4018 | D:4      | Killed feelmyfire's ghost
  4325 | D:4      | Got a pitted lajatang
  4332 | D:4      | Identified the +8 lajatang "Home" {slice, Dex+8} (You found it on level 4 of the Dungeon)
  5172 | D:4      | Reached skill level 1 in Unarmed Combat
  5172 | D:4      | Reached XP level 8. HP: 60/64 MP: 8/8
  5260 | D:5      | Entered Level 5 of the Dungeon
  5412 | D:5      | Gained mutation: You have a beak for a mouth. [potion of mutation]
  5412 | D:5      | Gained mutation: Your magical capacity is low. (-10% MP) [potion of mutation]
  5412 | D:5      | Gained mutation: You are robust. (+10% HP) [potion of mutation]
  5429 | D:5      | Noticed Menkaure
  5437 | D:5      | Killed Menkaure
  5443 | D:5      | Found a bloodstained altar of Trog.
  5560 | D:5      | Noticed Eustachio
  5579 | D:5      | Killed Eustachio
  5618 | D:5      | Noticed Dowan
  5625 | D:5      | Killed Dowan
  5976 | D:5      | Noticed Duvessa
  5994 | D:5      | Killed Duvessa
  6044 | D:5      | Found a white marble altar of Elyvilon.
  6050 | D:5      | Reached XP level 9. HP: 75/79 MP: 8/8
  6249 | D:5      | Found an ornate altar of the Wu Jian Council.
  6961 | D:6      | Found a shadowy altar of Dithmenos.
  6961 | D:6      | Found a burning altar of Makhleb.
  7156 | D:6      | Found a staircase to the Ecumenical Temple.
  7162 | Temple   | Entered the Ecumenical Temple
  7347 | D:6      | Found Nilypp's Weapon Emporium.
  7501 | D:6      | Found a shimmering altar of Xom.
  7737 | D:6      | Found a shimmering altar of Xom.
  7945 | D:6      | Reached skill level 10 in Armour
  8054 | D:7      | Found a sand-covered staircase.
  8080 | Ossuary  | Entered an ossuary
  8532 | D:7      | Reached XP level 10. HP: 95/95 MP: 9/9
  8533 | D:7      | Reached skill level 5 in Dodging
  8533 | D:7      | Reached XP level 11. HP: 105/105 MP: 9/9
  9136 | D:8      | Found a snail-covered altar of Cheibriados.
  9155 | D:8      | Became a worshipper of Cheibriados the Contemplative
  9175 | D:8      | Noticed a death yak
  9176 | D:8      | Found a staircase to the Lair.
  9176 | D:8      | Noticed a death yak
  9176 | D:8      | Noticed a death yak
  9177 | D:8      | Noticed a death yak
  9179 | D:8      | Noticed a death yak
  9179 | D:8      | Found a blossoming altar of Fedhas.
  9180 | D:8      | Noticed an oklob plant
  9448 | D:8      | Noticed a death yak
  9480 | D:9      | Reached skill level 1 in Invocations
  9963 | D:9      | Reached * piety under Cheibriados
 10042 | D:8      | Found a hide-covered altar of Uskayaw.
 10231 | D:9      | Found a glowing golden altar of the Shining One.
 10545 | D:9      | Found Madys's General Store.
 10556 | D:9      | Bought a scroll of enchant armour for 105 gold pieces
 10641 | D:9      | Killed a death yak
 10886 | D:10     | Entered Level 10 of the Dungeon
 10910 | D:10     | Reached ** piety under Cheibriados
 10973 | D:10     | Reached XP level 12. HP: 108/113 MP: 13/13
 11266 | D:10     | Found a portal to a secret trove of treasure.
 11302 | D:10     | Reached skill level 5 in Invocations
 11444 | D:10     | Found a staircase to the Orcish Mines.
 11592 | D:11     | Reached *** piety under Cheibriados
 13056 | D:12     | Noticed a two-headed ogre
 13207 | D:12     | Reached **** piety under Cheibriados
 13210 | D:12     | Killed a two-headed ogre
 13945 | D:12     | Noticed Gastronok
 14130 | D:13     | Found a gate to the Vaults.
 14130 | D:13     | Noticed Urug
 14130 | D:13     | Noticed a centaur warrior
 14130 | D:13     | Noticed Rupert
 14130 | D:13     | Noticed a tengu warrior
 14130 | D:13     | Noticed a tengu warrior
 14215 | D:14     | Noticed a centaur warrior
 14226 | D:14     | Killed a centaur warrior
 14248 | D:14     | Found Wifeh's Weapon Shoppe.
 14369 | D:14     | Noticed a centaur warrior
 14378 | D:14     | Killed a centaur warrior
 14400 | D:13     | Noticed a four-headed hydra
 14418 | D:13     | Gained mutation: You can hop longer distances. [Barachi growth]
 14418 | D:13     | Reached XP level 13. HP: 65/119 MP: 12/17
 14426 | D:13     | Killed Urug
 15452 | D:8      | Noticed PeterLawrence's ghost (journeyman GrFi)
 15467 | D:8      | Killed PeterLawrence's ghost
 15640 | Lair:1   | Entered Level 1 of the Lair of Beasts
 15889 | Lair:1   | Reached skill level 1 in Spellcasting
 16624 | Lair:2   | Reached ***** piety under Cheibriados
 16726 | Lair:2   | Reached skill level 10 in Invocations
 16820 | Lair:2   | Found a hole to the Spider Nest.
 17393 | Lair:3   | Reached skill level 1 in Throwing
 17393 | Lair:3   | Reached XP level 14. HP: 114/130 MP: 19/19
 18310 | Orc:1    | Entered Level 1 of the Orcish Mines
 18464 | Orc:2    | Entered Level 2 of the Orcish Mines
 18490 | Orc:2    | Reached skill level 5 in Spellcasting
 18517 | Orc:1    | Noticed an orc warlord
 18544 | Orc:1    | Killed an orc warlord
 19154 | Orc:2    | Found a staircase to the Elven Halls.
 19308 | Orc:2    | Gained mutation: Scrolls take you a little longer to read. [a neqoxec]
 19360 | Orc:2    | Noticed an orc warlord
 19388 | Orc:2    | Killed an orc warlord
 19388 | Orc:2    | Reached skill level 5 in Throwing
 19542 | Orc:2    | Paralysed by an orc sorcerer for 3 turns
 20198 | Orc:2    | Found a roughly hewn altar of Beogh.
 20203 | Orc:2    | Found Widulani's Book Emporium.
 20266 | Orc:2    | Found Vopi's Antique Armour Emporium.
 20295 | Orc:2    | Found Xuta Zud's General Store.
 20295 | Orc:2    | Found Utuimp's Antique Weapon Emporium.
 20558 | Orc:2    | Found a roughly hewn altar of Beogh.
 20636 | Orc:2    | HP: 4/130 [ettin/dire flail (25)]
 20641 | Orc:2    | Found a roughly hewn altar of Beogh.
 20654 | Orc:2    | Annihilated by an ettin

Vault maps used:
D:1:      ldierk_water_garden
D:2:      lemuel_crystal_altar, serial_bayou, serial_bayou_lagoon_a,
          serial_bayou_pond_c, serial_bayou_pond_e, serial_bayou_pond_d,
          nemelex_dance_club_becter
D:3:      first_bread, uniq_ijyb, uniq_crazy_yiuf_cottage, uniq_grinder
D:5:      lemuel_coloured_pillars_altar, lemuel_crystal_altar, basic_altar,
          uniq_eustachio, uniq_duvessa, uniq_menkaure
D:6:      minitemple, kennysheep_little_box,
          minmay_temple_entry_enclosed_plants, serial_shops, shop, tgw_xom
D:7:      enter_ossuary_1
D:8:      tgw_fedhas, slow_altar_1, eat_drink_and_be_merry_uskayaw,
          dpeg_lair_monsters
D:9:      marbit_many_paths, serial_shops, shop_fountains
D:10:     orc_0_dummy, nicolae_trove_entry_diagonal, hangedman_fish_farm
D:12:     uniq_gastronok
D:13:     david_vaults_3, lab_entry_generic
D:14:     minivault_24, serial_shops, shop_statue
Temple:   nicolae_temple_hex_pool
Lair:2:   spider_nest_entry_rubble, fungi_pond_lemuel, uniq_urug
Lair:3:   nicolae_swamp_entry_splash_gauntlet, infiniplex_staircase_pool,
          grunt_megastairs_2
Orc:1:    mines_bat_river
Orc:2:    grunt_orc_cross, basic_altar, lemuel_statue_altar
Ossuary:  ossuary_minmay_chase

Skill      XL: |  1  2  3  4  5  6  7  8  9 10 11 12 13 14 |
---------------+-------------------------------------------+-----
Dodging        | 1 2 5 6 8 |  8.0
Long Blades    | 3 4 5 6 7 11 12 13 | 13.8
Fighting       | 4 5 6 7 11 12 13 | 13.9
Armour         | 5 7 9 10 | 10.3
Unarmed Combat | 1 3 |  3.1
Shields        | 7 8 |  8.0
Invocations    | 4 8 10 | 10.1
Spellcasting   | 3 7 |  7.5
Throwing       | 1 6 |  6.4

Action                   |  1- 3 |  4- 6 |  7- 9 | 10-12 | 13-15 || total
-------------------------+-------+-------+-------+-------+-------++-------
Melee: Long sword        |   154 |   167 |   668 |   683 |   825 ||  2497
       Peck              |       |       |    83 |   225 |   382 ||   690
Throw: Javelin           |       |       |     7 |     5 |    31 ||    43
Invok: Bend Time         |       |       |       |     2 |     2 ||     4
       Slouch            |       |       |       |     1 |     9 ||    10
       Step From Time    |       |       |       |       |     1 ||     1
 Abil: Hop               |       |       |     1 |     2 |     3 ||     6
Evoke: Wand              |       |       |     7 |     3 |     9 ||    19
       Phantom mirror    |       |       |       |       |     1 ||     1
  Use: Scroll            |     6 |       |    16 |    15 |     8 ||    45
       Potion            |       |     5 |     4 |     6 |    10 ||    25
 Stab: Sleeping          |       |       |       |     1 |       ||     1
  Eat: Chunk             |     2 |     5 |    14 |     5 |     6 ||    32
       Bread ration      |       |     1 |       |     1 |       ||     2
       Royal jelly       |       |       |     2 |       |     1 ||     3
       Fruit             |       |       |       |     6 |     9 ||    15
       Meat ration       |       |       |       |     1 |       ||     1
Armor: Scale mail        |    62 |     4 |       |       |       ||    66
       Crystal plate arm |       |   127 |   507 |   144 |       ||   778
       Ring mail         |       |       |       |   128 |   151 ||   279
Dodge: Dodged            |    61 |    12 |    13 |   235 |   359 ||   680
Block: Shield            |    83 |    73 |   264 |   388 |   396 ||  1204
       Rpst.: Long sword |    15 |     1 |     4 |    69 |    95 ||   184
